 Dungeon Crawl Stone Soup version 0.24-a0-433-gbe6fa4f6cc (webtiles) character file.

Game seed: 11624641302983949174

1028 Defined the Firebug (level 8, -1/55 HPs)
             Began as an Octopode Fire Elementalist on June 15, 2019.
             Was a Follower of Sif Muna.
             Slain by a bullfrog (2 damage)
             ... in a sewer.
             The game lasted 00:30:00 (7812 turns).

Defined the Firebug (Octopode Fire Elementalist)    Turns: 7812, Time: 00:30:01

Health: -1/55      AC:  1    Str: 11 (12) XL:     8   Next: 23%
Magic:  4/13       EV: 13    Int: 17 (20) God:    Sif Muna [*.....]
Gold:   160        SH:  3    Dex: 10 (12) Spells: 1/14 levels left

rFire    + + .     SeeInvis .   t - +0 hand axe
rCold    x x .     Gourm    .   (no shield)
rNeg     + . .     Faith    .   (helmet restricted)
rPois    +         Spirit   .   p - +3 amulet of reflection
rElec    .         Reflect  +   d - ring of positive energy
rCorr    .         Harm     .   g - ring of poison resistance
MR       .....                  l - ring of stealth
Stlth    ++++......             w - ring of fire
HPRegen  0.18/turn              f - ring of fire
MPRegen  0.13/turn              (no ring)
                                (no ring)
                                (no ring)

@: mighty, lethally poisoned (-1 -> -2), very slightly contaminated, invisible,
divine energy
A: almost no armour, stealthy swim, amphibious, 8 rings, constrict 8, camouflage
1, gelatinous body 1
a: Stop Divine Energy, Renounce Religion


You were in a sewer.
You worshipped Sif Muna.
Sif Muna was aware of your devotion.
You were hungry.

You visited 1 branch of the dungeon, and saw 6 of its levels.
You also visited: Sewer.

You collected 160 gold pieces.

Inventory:

Hand Weapons
 c - a +0 club
 m - a +0 hunting sling
 t - a +0 hand axe (weapon)
Missiles
 e - 215 stones (quivered)
 y - 8 boomerangs
Armour
 i - a +0 shield of reflection
Jewellery
 d - a ring of positive energy (left tentacle)
 f - a ring of fire (on tentacle)
 g - a ring of poison resistance (right tentacle)
 l - a ring of stealth (on tentacle)
 p - a +3 amulet of reflection (around mantle)
 w - a ring of fire (on tentacle)
Wands
 q - a wand of iceblast (7)
Scrolls
 a - a scroll of enchant armour
 k - 5 scrolls of remove curse
 s - a scroll of teleportation
 v - 2 scrolls of fear
 x - 2 scrolls of magic mapping
 z - a scroll of noise {unknown}
Potions
 r - a potion of heal wounds {unknown}
 u - a potion of flight {unknown}
Comestibles
 b - 9 rations
 j - 10 chunks of flesh


   Skills:
 + Level 5.2 Fighting
 - Level 2.0 Dodging
 - Level 2.6 Stealth
 * Level 3.8 Spellcasting
 - Level 3.0 Conjurations
 - Level 2.0 Hexes
 - Level 2.0 Summonings
 + Level 5.6 Fire Magic


You had one spell level left.
You knew the following spells:

 Your Spells              Type           Power        Failure   Level  Hunger
a - Throw Flame           Conj/Fire      #####.       4%          2    ##.....
b - Flame Tongue          Conj/Fire      #####        2%          1    None
c - Conjure Flame         Conj/Fire      #####...     9%          3    ###....
d - Confusing Touch       Hex            ##....       7%          1    None
e - Summon Small Mammal   Summ           ##..         7%          1    None
f - Fireball              Conj/Fire      #####.....   58%         5    ######.

Your spell library contained the following spells:

 Spells                   Type           Power        Failure   Level  Hunger
 Animate Skeleton         Necr           N/A          16%         1    None
 Apportation              Tloc           #.....       16%         1    None
 Inner Flame              Hex/Fire       #####...     10%         3    ###....
 Sticky Flame             Conj/Fire      #####...     26%         4    ####...


Dungeon Overview and Level Annotations

Branches:
Dungeon (6/15)
 Temple: D:4-7

Altars:
Dithmenos
Hepliaklqana
Sif Muna
Vehumet

Annotations:
D:2 exclusion: downstairs
D:3 Sigmund
D:4 exclusion: wyvern


Innate Abilities, Weirdness & Mutations

You cannot wear most types of armour.
You are very stealthy in the water. (Stealth+)
You are amphibious.
You can wear up to eight rings at the same time.
You can use your tentacles to constrict eight enemies at once.
Your skin changes colour to match your surroundings (Stealth+).
Your rubbery body absorbs attacks. (AC +1, EV +1)


Message History

The adder barely misses the ball python.
The bullfrog barely misses you.
You release your grip on the adder.
The adder closely misses the bullfrog.
The bullfrog closely misses you.
The adder bites the ooze but does no damage.
Don't expect to remain undetected while in the water.
The adder bites the ooze.
The bullfrog completely misses you.
You feel sick. The bullfrog misses you.
It was a potion of might.
You feel very mighty all of a sudden. The bullfrog hits you!
* * * LOW HITPOINT WARNING * * *
The adder barely misses the bullfrog.
The adder bites itself.
The bullfrog closely misses you.
It was a potion of degeneration.
There was something very wrong with that liquid.
You feel weakened.
You feel dopey.
You feel clumsy.
The adder seems less confused.
The ball python misses you. The bullfrog hits you.
You die...

###≈.≈≈.≈≈###
##.≈≈≈≈≈.≈÷..##
####≈≈≈≈≈≈≈≈≈.≈≈≈##
##∩##≈...≈#####≈≈÷≈.##
#≈≈#≈.≈≈###≈.≈###.≈≈≈#
##.≈#≈≈≈##≈≈≈÷÷≈≈##≈≈≈#
#..##≈≈##≈≈≈≈.≈≈≈.##≈.##
#∩.#≈÷.#≈≈≈≈≈≈≈≈.≈≈#≈≈≈#
#..#.≈##≈S@#####≈≈≈##≈≈#
##.##÷≈#..F## ##.≈≈#≈.##
#.÷#≈≈≈#≈S## ##÷.#.≈≈#
#≈≈#≈###≈≈# #.≈##≈≈#
#.≈#≈#≈JJ##≈≈J≈≈≈≈##≈≈#.≈#
#≈≈#.#∩≈†# ≈..≈.≈≈ #≈≈#≈≈#
#≈.#.#≈≈≈# ≈≈≈≈.≈≈ #≈≈#≈≈#
#≈≈#≈##≈≈# ≈≈≈.$≈≈ #≈≈#≈≈#
#≈≈#≈≈#≈.# ≈≈J.$.≈ #≈≈#≈≈#


You could see a bullfrog, 2 oozes, an adder and a ball python.

Vanquished Creatures
  3 ogres
  A scorpion (D:5)
  3 crimson imps (D:5)
  An orc priest (D:3)
  2 orc wizards (D:5)
  A centaur skeleton (D:5)
  A hound (D:5)
  A bullfrog skeleton (D:5)
  3 worker ants (D:5)
  A hound zombie (D:5)
  16 adders
  11 oozes
  3 worms
  A dart slug (D:1)
  14 leopard geckos
  10 orcs
  17 giant cockroaches
  14 goblins
  6 hobgoblins
  9 jackals
  6 kobolds
  A quokka (D:2)
  12 ball pythons
  7 bats
  14 frilled lizards
  7 rats
165 creatures vanquished.

Notes
Turn   | Place    | Note
-------+----------+-------------------------------------------
     0 | D:1      | Defined the Octopode Fire Elementalist began the quest for
                  | the Orb.
     0 | D:1      | Reached XP level 1. HP: 11/11 MP: 3/3
   307 | D:1      | Reached XP level 2. HP: 18/18 MP: 3/5
   384 | D:1      | Reached skill level 1 in Fighting
   393 | D:1      | Learned a level 2 spell: Throw Flame
   690 | D:1      | Reached XP level 3. HP: 23/23 MP: 0/6
   702 | D:1      | Learned a level 3 spell: Conjure Flame
  1433 | D:2      | Noticed an ogre
  1632 | D:2      | Reached XP level 4. HP: 26/29 MP: 3/7
  1794 | D:2      | Found a hazy altar of Hepliaklqana.
  3119 | D:3      | Reached XP level 5. HP: 35/35 MP: 3/8
  3379 | D:3      | Learned a level 1 spell: Confusing Touch
  3381 | D:3      | Learned a level 1 spell: Summon Small Mammal
  3781 | D:3      | Noticed Sigmund
  3792 | D:3      | Found a deep blue altar of Sif Muna.
  3992 | D:2      | Killed an ogre
  3992 | D:2      | Reached skill level 1 in Hexes
  3992 | D:2      | Reached skill level 1 in Summonings
  3992 | D:2      | Reached XP level 6. HP: 35/42 MP: 1/10
  4137 | D:3      | Became a worshipper of Sif Muna the Loreminder
  4574 | D:4      | Noticed a wyvern
  5214 | D:5      | Entered Level 5 of the Dungeon
  5328 | D:5      | Reached XP level 7. HP: 47/47 MP: 5/11
  6297 | D:5      | Found a radiant altar of Vehumet.
  6298 | D:5      | Found a shadowy altar of Dithmenos.
  6310 | D:5      | Reached skill level 5 in Fire Magic
  6313 | D:5      | Reached * piety under Sif Muna
  6736 | D:5      | Reached skill level 5 in Fighting
  6736 | D:5      | Reached XP level 8. HP: 55/55 MP: 5/12
  6794 | D:5      | Learned a level 5 spell: Fireball
  6874 | D:6      | Found a glowing drain.
  6894 | Sewer    | Entered a sewer
  7811 | Sewer    | HP: 1/55 [bullfrog (9)]
  7812 | Sewer    | Slain by a bullfrog

Levels and vault maps discovered:
D:1:      lemuel_arrival_cross, layout_basic, serial_curves, eino_curves_02,
          eino_curves_03, eino_curves_03
D:2:      layout_basic, first_ration, lemuel_altar_in_water
D:3:      layout_rooms, old_standard_altar, uniq_sigmund
D:4:      layout_loops_ring
D:5:      layout_rooms, minitemple
D:6:      layout_cave_pools, gup_sewer_entry_pipe, uniq_edmund
Sewer:    sewer_frog_island_02

Skill      XL: |  1  2  3  4  5  6  7 |
---------------+----------------------+-----
Fighting       | 1 2 3 5 |  5.2
Conjurations   | 2 3 |  3.0
Spellcasting   | 3 |  3.8
Hexes          | 1 2 |  2.0
Summonings     | 1 2 |  2.0
Fire Magic     | 4 5 |  5.6
Dodging        | |  2.0
Stealth        | |  2.6

Action                   |  1- 3 |  4- 6 |  7- 9 || total
-------------------------+-------+-------+-------++-------
Melee: Unarmed           |     2 |       |       ||     2
       Club              |    16 |    28 |       ||    44
       Constrict         |     7 |    17 |    24 ||    48
       Tentacles         |     3 |    12 |    18 ||    33
       Hand axe          |       |    41 |   103 ||   144
 Fire: Hunting sling     |       |     7 |       ||     7
Throw: Stone             |     6 |    30 |       ||    36
 Cast: Flame Tongue      |    27 |    40 |    21 ||    88
       Throw Flame       |    21 |    33 |    59 ||   113
       Conjure Flame     |     2 |     4 |     1 ||     7
       Summon Small Mamm |       |       |     4 ||     4
       Confusing Touch   |       |       |     4 ||     4
Invok: Divine Energy     |       |       |     1 ||     1
  Use: Potion            |       |     5 |     3 ||     8
       Scroll            |       |     8 |     2 ||    10
 Stab: Sleeping          |       |     3 |     1 ||     4
       Confused          |       |       |     1 ||     1
  Eat: Chunk             |     4 |    13 |    10 ||    27
Armor: Skin              |     7 |     3 |    12 ||    22
Dodge: Dodged            |    22 |    57 |   115 ||   194
Block: Other             |       |    10 |    21 ||    31

Table legend:
 A = Non-vault XP
 B = Vault XP
 C = Vault XP percentage of total XP
 D = Non-vault monster count
 E = Vault monster count
 F = Vault count percentage of total count
                 A         B        C        D         E       F
            +---------+---------+-------+---------+---------+-------
      Total |    1264 |     205 |  14.0 |     107 |      58 |  35.2
            +---------+---------+-------+---------+---------+-------
        D:1 |      41 |       0 |   0.0 |      22 |       0 |   0.0
        D:2 |     240 |       0 |   0.0 |      31 |       0 |   0.0
        D:3 |     113 |       0 |   0.0 |      21 |       0 |   0.0
        D:4 |     160 |       0 |   0.0 |       9 |       0 |   0.0
        D:5 |     710 |       0 |   0.0 |      24 |       0 |   0.0
        D:6 |       0 |      14 | 100.0 |       0 |       6 | 100.0
      Sewer |       0 |     191 | 100.0 |       0 |      52 | 100.0
            +---------+---------+-------+---------+---------+-------
